 Dungeon Crawl Stone Soup version 0.27-a0-652-g2d5cf1dcd3 (webtiles) character file.

Game seed: 9296274044338741829

169 Gaff the Skirmisher (level 5, -4/54 HPs)
             Began as an Ogre Warper on Mar 16, 2021.
             Slain by an iguana (9 damage)
             ... on level 3 of the Dungeon.
             The game lasted 00:09:21 (6097 turns).

Gaff the Skirmisher (Ogre Warper)                   Turns: 6097, Time: 00:09:22

Health: -4/54      AC:  3    Str: 16    XL:     5   Next: 50%
Magic:  9/9        EV:  7    Int: 14    God:
Gold:   103        SH: 11    Dex:  8    Spells: 9/9 levels left

rFire    . . .     SeeInvis .   m - +0 flail
rCold    . . .     Faith    .   s - +0 kite shield
rNeg     . . .     Spirit   .   b - +0 robe
rPois    .         Reflect  +   (helmet restricted)
rElec    .         Harm     .   k - scarf {shadows}
rCorr    .         Rampage  .   (gloves unavailable)
Will     .....                  (boots unavailable)
Stlth    +.........             i - amulet of reflection
HPRegen  0.18/turn              (no ring)
MPRegen  0.11/turn              (no ring)

@: no status effects
A: large, unfitting armour, tough skin 1
a: no special abilities


You were on level 3 of the Dungeon.
You visited 1 branch of the dungeon, and saw 4 of its levels.

You collected 103 gold pieces.

Inventory:

Hand Weapons
 a - a +0 mace
 m - a +0 flail (weapon)
Missiles
 e - 5 boomerangs of dispersal
 h - 25 poisoned darts (quivered)
 n - 2 boomerangs
Armour
 b - a +0 robe (worn)
 k - a scarf of shadows (worn)
 s - a +0 kite shield (worn)
Jewellery
 i - an amulet of reflection (around neck)
Wands
 q - a wand of flame (11)
Scrolls
 c - a scroll of identify {unknown}
 d - 2 scrolls of blinking
 f - a scroll of immolation {unknown}
 g - a scroll of fog {unknown}
 j - a scroll of fear {unknown}
 l - a scroll of enchant armour {unknown}
Potions
 o - a potion of berserk rage {unknown}
 p - a potion of resistance {unknown}
 r - a potion of magic {unknown}
 t - a potion of curing
 u - a potion of invisibility {unknown}


   Skills:
 + Level 4.0 Fighting
 + Level 3.0 Maces & Flails
 - Level 1.0 Throwing
 + Level 3.0 Dodging
 + Level 0.3 Shields
 - Level 2.6 Spellcasting
 - Level 3.4 Translocations


You had 9 spell levels left.
You didn't know any spells.
Your spell library contained the following spells:

 Spells                   Type           Power      Damage    Failure   Level
 Blink                    Tloc           N/A        N/A       45%         2
 Gell's Gravitas          Tloc           5%         N/A       71%         3
 Lesser Beckoning         Tloc           5%         N/A       71%         3
 Teleport Other           Tloc           11%        N/A       71%         3
 Manifold Assault         Tloc           11%        N/A       98%         4


Dungeon Overview and Level Annotations

Branches:
Dungeon (4/15)
 Temple: D:4-7

Altars:
Vehumet


Innate Abilities, Weirdness & Mutations

You are too large for most types of armour.
You have tough skin. (AC +1)


Message History

You hit the gnoll but do no damage. You block the gnoll's attack.
You hit the gnoll.
The gnoll is moderately wounded.
You block the gnoll's attack. The gnoll hits you with a +0 halberd!
Your shield prevents you from hitting the gnoll.
The gnoll is moderately wounded.
The gnoll hits you with a +0 halberd.
You hit the gnoll.
The gnoll is almost dead.
You block the gnoll's attack.
You sock the gnoll!
The gnoll is almost dead.
The gnoll barely misses you. The gnoll hits you! You block the gnoll's attack.
Things that are here:
a +0 whip; a gnoll skeleton Throw: 27 darts (poison)
Press: ? - help, Q - select action, (/) - cycle Shift-Dir - straight line, f - gnoll
Aim: a gnoll, wielding a +0 halberd (almost dead, 60% to hit)
You throw a poisoned dart.
The poisoned dart closely misses the gnoll.
The poisoned dart hits the gnoll.
The gnoll is poisoned.
The gnoll is severely wounded.
The gnoll hits you from afar with a +0 halberd!
* * * LOW HITPOINT WARNING * * *
You feel a bit more experienced.
Throw: 26 darts (poison)
Press: ? - help, Q - select action, (/) - cycle Shift-Dir - straight line, f/p - gnoll
Aim: a gnoll, wielding a +0 halberd (severely wounded, 60% to hit)
You throw a poisoned dart.
The poisoned dart closely misses the gnoll.
The gnoll hits you from afar with a +0 halberd!
* * * LOW HITPOINT WARNING * * *
There is a stone staircase leading down here.
You climb downwards.
The iguana bites you but does no damage.
You block the iguana's attack.
There is a stone staircase leading up here.
The iguana bites you!
You die...

................# #.#####.
####..#####.###.# #.#...#. #
##........# #.# #.#.....
#.....##### #)# #.#...## ##...##
#.# #.##.### ##.## #.# #.......
#.# #.## ####.### #.# #l<# #.#
##'## ##@# #.# ##...## #.# #.#
##.....## ##.# #.## ##...).(.##
##..# ##..#
#.........####...###########...##
'.........'..................<...
#.........####......##...........
##.......######.....##.######..##
###...........###...##.# #..#


You could see an iguana.

Vanquished Creatures
  4 gnolls
  5 adders
  2 worms (D:3)
  A dart slug (D:1)
  2 leopard geckos
  7 orcs (D:3)
  5 giant cockroaches
  5 hobgoblins
  5 jackals
  13 kobolds
  A quokka (D:3)
  3 bats (D:2)
  4 frilled lizards
  7 goblins
  6 rats
70 creatures vanquished.

Notes
Turn   | Place    | Note
-------+----------+-------------------------------------------
     0 | D:1      | Gaff the Ogre Warper began the quest for the Orb.
     0 | D:1      | Reached XP level 1. HP: 22/22 MP: 3/3
   302 | D:1      | Reached XP level 2. HP: 29/29 MP: 5/5
   832 | D:1      | Reached XP level 3. HP: 12/36 MP: 6/6
  1986 | D:2      | Reached skill level 3 in Fighting
  2195 | D:2      | Reached XP level 4. HP: 6/45 MP: 8/8
  2206 | D:2      | HP: 2/45 [poisoned by an adder]
  2214 | D:2      | HP: 2/45 [poisoned by an adder]
  3629 | D:2      | HP: 2/45 [poisoned by a kobold]
  4610 | D:3      | Reached XP level 5. HP: 35/54 MP: 9/9
  5305 | D:4      | Found a radiant altar of Vehumet.
  5711 | D:2      | Reached skill level 4 in Fighting
  6080 | D:2      | HP: 1/54 [gnoll/+0 halberd (17)]
  6097 | D:3      | Slain by an iguana

Illustrated notes

Levels and vault maps discovered:
D:1:      dpeg_arrival_long_road, layout_loops_cross, minmay_cut_off
D:2:      layout_basic, minmay_puff
D:3:      layout_loops_corners
D:4:      layout_loops_ring, vehumet_altar_wand_db

Skill      XL: |  1  2  3  4  5 |
---------------+----------------+-----
Maces & Flails | 2 3 |  3.0
Translocations | 3 |  3.4
Fighting       | 3 4 |  4.0
Dodging        | 3 |  3.0
Throwing       | |  1.0
Shields        | |  0.3
Spellcasting   | |  2.6

Action                   |  1- 3 |  4- 6 || total
-------------------------+-------+-------++-------
Melee: Mace              |   102 |   203 ||   305
       Flail             |       |     5 ||     5
Throw: Dart              |       |    14 ||    14
  Use: Potion            |       |     2 ||     2
 Stab: Sleeping          |     1 |       ||     1
Armor: Robe              |    18 |    37 ||    55
Dodge: Dodged            |    55 |   101 ||   156
Block: Other             |    10 |    50 ||    60
       Reflection        |     1 |     2 ||     3
       Kite shield       |       |    24 ||    24

Table legend: (Time is in decaauts)
 A = Elapsed time spent in this place.
 B = Non-inter-level travel time spent in this place.
 C = Inter-level travel time spent in this place.
 D = Time resting spent in this place.
 E = Time spent auto-exploring this place.
 F = Levels seen in this place.
 G = Mean time per level.
                   A        B        C        D        E       F      G
               +--------+--------+--------+--------+--------+-----+--------+
         Total |   6194 |   6125 |     69 |   3115 |   1619 |   4 | 1548.5 |
       Dungeon |   6194 |   6125 |     69 |   3115 |   1619 |   4 | 1548.5 |
               +--------+--------+--------+--------+--------+-----+--------+

Top non-repeatable levels by time:
     D:2: 2346 daAuts
     D:3: 1961 daAuts
     D:1: 1560 daAuts
     D:4: 326 daAuts
